AoeStats
← SanitaryCupid50

Arena

509241736Analyzed
4v4 RM · 5d ago on Sep 26, 2026· 74m 32s· 8 players
Game mode
Random Map
Map size
Large (8 player)
Population
200
Speed
Normal
Resources
Standard
Victory
Conquest
Starting age
Dark Age
Ending age
Imperial Age
RankedLock teamsTeams togetherTeam positionsShared explorationLock speedFull tech treeHidden civsTurbo modeCheats
Victory
Defeat
🇺🇸 Berbers · United States
939
+15
🇲🇽 Maya · Mexico
937
+15
🇺🇸 Danes · United States
906
+17
🇨🇦 Burgundians · Canada
863
+19
🇲🇽 Goths · Mexico
928
-17
🇲🇽 Bohemians · Mexico
924
-17
🇲🇽 Saracens · Mexico
914
-16
🇲🇽 Teutons · Mexico
909
-16
Rogeraise
3:52 Loom
10:46 Feudal Age
16:55 Castle Age
15:06 Horse Collar
16:31 Scale Mail Armor
21:25 Pikeman
24:02 Forging
26:31 Chain Mail Armor
27:28 Double-Bit Axe
27:51 Scale Barding Armor
30:39 Padded Archer Armor
32:30 Wheelbarrow
33:20 Anarchy
33:15 Fletching
33:41 Leather Archer Armor
38:10 Imperial Age
37:28 Bloodlines
38:11 Iron Casting
37:00 Elite Skirmisher
40:38 Ring Archer Armor
46:09 Squires
47:40 Hand Cart
47:12 Town Watch
ShakierNutria74
1:47 Loom
11:32 Feudal Age
13:13 Horse Collar
17:00 Castle Age
15:09 Double-Bit Axe
18:24 Stone Mining
18:54 Bow Saw
21:52 Heavy Plow
25:00 Wheelbarrow
31:19 Imperial Age
29:13 Hand Cart
31:18 Stone Shaft Mining
30:36 Gold Mining
33:21 Chemistry
33:40 Ballistics
33:10 Town Watch
34:49 Town Patrol
35:24 Crop Rotation
35:58 Two-Man Saw
35:45 Forging
35:35 Scale Mail Armor
36:29 Elite Teutonic Knight
37:26 Squires
37:17 Onager
43:21 Iron Casting
43:02 Chain Mail Armor
42:52 Pikeman
43:17 Arson
43:22 Halberdier
50:53 Siege Onager
Deivid7201
10:52 Loom
13:53 Feudal Age
19:48 Castle Age
19:16 Double-Bit Axe
19:49 Horse Collar
23:56 Elite Skirmisher
23:58 Pikeman
24:39 Squires
25:41 Heavy Plow
27:55 Chemistry
28:27 Wheelbarrow
33:17 Imperial Age
33:20 Fortified Wall
34:09 Murder Holes
36:28 Forging
39:31 Iron Casting
38:56 Scale Mail Armor
39:54 Siege Engineers
39:27 Halberdier
48:45 Blast Furnace
48:01 Chain Mail Armor
55:36 Hand Cart
56:54 Heavy Scorpion
reyangel141
0:26 Loom
10:34 Feudal Age
16:24 Castle Age
14:09 Horse Collar
17:12 Wheelbarrow
18:05 Double-Bit Axe
18:51 Heavy Plow
22:47 Stone Mining
25:46 Hand Cart
27:53 Ballistics
31:19 Fortified Wall
31:05 Murder Holes
33:44 Gold Mining
36:47 Imperial Age
34:47 Bow Saw
34:35 Fletching
34:54 Husbandry
35:34 Gold Shaft Mining
35:38 Bodkin Arrow
36:32 Bloodlines
36:34 Town Watch
36:52 Caravan
38:29 Chemistry
37:35 Siege Engineers
37:38 Onager
39:17 Siege Onager
40:39 Bracer
40:39 Padded Archer Armor
42:31 Leather Archer Armor
42:26 Forging
44:43 Conscription
44:36 Counterweights
45:18 Elite Mameluke
47:14 Elite Skirmisher
Mr Ben Wayde
4:58 Loom
12:25 Feudal Age
16:16 Castle Age
15:01 Double-Bit Axe
14:59 Horse Collar
18:05 Wheelbarrow
18:49 Heavy Plow
19:02 Bow Saw
21:57 Stone Mining
22:00 Gold Mining
24:43 Gold Shaft Mining
25:05 Fletching
26:40 Bodkin Arrow
32:07 Imperial Age
31:16 Hand Cart
32:28 Onager
35:23 Elite Jomsviking
36:35 Arson
38:54 Siege Onager
39:05 Northmen's Fury
41:10 Squires
41:25 Forging
41:16 Scale Mail Armor
41:16 Bracer
46:19 Siege Engineers
47:15 Chemistry
46:53 Iron Casting
46:34 Chain Mail Armor
48:22 Padded Archer Armor
49:23 Blast Furnace
48:50 Ballistics
48:26 Murder Holes
59:42 Hamask
60:44 Conscription
61:09 Plate Mail Armor
60:57 Leather Archer Armor
61:00 Masonry
LV Chris R7
1:58 Loom
11:10 Feudal Age
12:24 Double-Bit Axe
17:45 Castle Age
16:38 Horse Collar
18:03 Stone Mining
23:21 Heavy Plow
23:47 Bow Saw
24:08 Fletching
33:25 Imperial Age
33:30 Caravan
36:15 Wheelbarrow
38:13 Chemistry
37:34 Ballistics
46:19 Eagle Warrior
47:00 Squires
46:45 Arson
47:44 Holcans
48:20 Forging
48:11 Scale Mail Armor
SanitaryCupid50
3:36 Double-Bit Axe
4:56 Loom
8:32 Wheelbarrow
12:51 Feudal Age
12:03 Horse Collar
13:44 Bow Saw
19:02 Castle Age
17:13 Gold Mining
17:59 Scale Barding Armor
18:04 Forging
20:09 Gold Shaft Mining
20:05 Heavy Plow
22:27 Hand Cart
22:51 Fervor
23:06 Town Watch
25:37 Crop Rotation
26:01 Town Patrol
27:02 Chain Barding Armor
27:18 Iron Casting
26:33 Cavalier
29:21 Sanctity
29:10 Town Patrol
29:26 Husbandry
30:19 Fletching
34:20 Two-Man Saw
33:44 Bodkin Arrow
33:50 Padded Archer Armor
33:53 Scale Mail Armor
33:15 Pikeman
33:56 Squires
33:42 Arson
34:03 Stone Mining
34:26 Guilds
34:47 Coinage
34:21 Caravan
35:18 Fortified Wall
34:49 Treadmill Crane
35:19 Masonry
35:32 Ballistics
37:53 Imperial Age
38:41 Paladin
39:58 Plate Barding Armor
40:09 Conscription
42:13 Burgundian Vineyards
42:47 Hoardings
44:21 Blast Furnace
43:21 Bracer
45:41 Chain Mail Armor
45:43 Leather Archer Armor
44:51 Man-at-Arms
44:52 Halberdier
50:10 Architecture
50:41 Chemistry
55:35 Plate Mail Armor
54:28 Long Swordsman
Wangdangdoodle
10:30 Feudal Age
14:23 Castle Age
12:59 Double-Bit Axe
13:12 Horse Collar
21:40 Bloodlines
27:17 Imperial Age
25:14 Forging
26:26 Husbandry
27:02 Iron Casting
26:33 Scale Barding Armor
27:23 Loom
28:15 Wheelbarrow
27:27 Cavalier
29:21 Chemistry
28:40 Heavy Plow
28:53 Bow Saw
30:14 Blast Furnace
30:20 Chain Barding Armor
32:10 Fletching
32:42 Ballistics
34:06 Hand Cart
35:28 Bodkin Arrow
35:50 Light Cavalry
36:51 Bracer
36:51 Padded Archer Armor
38:06 Conscription
39:32 Plate Barding Armor
38:20 Hussar
41:21 Leather Archer Armor
45:19 Scale Mail Armor
45:49 Ring Archer Armor
48:34 Siege Engineers
66:00 Fortified Wall
66:01 Masonry
Connection lost

Rejoining the realm…

Still unreachable

The connection could not be restored.

Session expired

The server has moved on; the page needs a fresh start.